 Dungeon Crawl Stone Soup version 0.32-a0-699-g1ee5eff69a (webtiles) character file.

Game seed: 1773168718914815347

1909 ytrimaz the Covert (level 9, -1/61 (63) HPs)
             Began as an Octopode Shapeshifter on Mar 14, 2024.
             Was an Initiate of Ashenzari.
             Slain by Jeremiah
             ... wielding a +2 trident of draining
              (4 damage)
             ... on level 6 of the Dungeon.
             The game lasted 00:05:23 (4380 turns).

ytrimaz the Covert (Octopode Shapeshifter)          Turns: 4380, Time: 00:05:23

HP:   -1/61 (63)    AC:  1    Str: 14    XL:     9   Next: 16%
MP:   9/9           EV: 12    Int: 16    God:    Ashenzari [......]
Gold: 211           SH:  0    Dex: 11    Spells: 8/8 levels left

rFire   + .          .
                       - Unarmed
rCold   . . .        (no shield)
rNeg    . . .        (helmet currently unavailable)
rPois   .            e - amulet of regeneration
rElec   .            a - ring of protection from fire
rCorr   .            (no ring)
SInv    .            (no ring)
Will    .....        (no ring)
Stlth   +++++        (no ring)
HPRegen 1.10/turn    (no ring)
MPRegen 0.11/turn    (no ring)
                     (no ring)

%: no passive effects
@: mighty, beast-form, studying Fighting, lightly drained
A: beast (slay +3), almost no armour, amphibious, 8 rings, camouflage 1,
gelatinous body 1, (nimble swimmer 1), tentacles
a: Begin Untransformation, Renounce Religion


You were on level 6 of the Dungeon.
You worshipped Ashenzari.
Ashenzari was noncommittal.
You were a hulking beast.
You visited 2 branches of the dungeon, and saw 7 of its levels.

You collected 266 gold pieces.
You spent 55 gold pieces at shops.


Innate Abilities, Weirdness & Mutations

You are a hulking beast.
Your limbs bulge with bestial killing power. (Slay +3)
You cannot wear most types of armour.
You are amphibious.
You can wear up to eight rings at the same time.
Your skin changes colour to match your surroundings (Stealth+).
Your rubbery body absorbs attacks. (AC +1, EV +1)
((You are camouflaged when in or above water. (Stealth+)))
You have tentacles for arms and can constrict up to eight enemies at once.


   Skills:
 + Level 6.6 Fighting
 - Level 3.0 Dodging
 + Level 8.4 Stealth
 + Level 6.7 Unarmed Combat
 + Level 6.2 Shapeshifting


You had 8 spell levels left.
You didn't know any spells.
Your spell library was empty.

Inventory:

Missiles
 k - a throwing net (quivered)
Jewellery
 a - a ring of protection from fire (left tentacle)
   (You found it on level 4 of the Dungeon)
 e - an amulet of regeneration (around mantle)
   (You found it on level 4 of the Dungeon)
Talismans
 b - a beast talisman (active)
 c - a flux talisman
Scrolls
 d - a scroll of fog
 f - a scroll of poison
 l - 2 scrolls of identify
 n - a scroll of blinking
Potions
 g - a potion of attraction
 h - a potion of ambrosia
 i - 2 potions of brilliance
 m - a potion of might

Dungeon Overview and Level Annotations

Branches:
Dungeon (6/15) Zot: 25184  Temple (1/1) D:5 Zot: 5961

Altars:
Ashenzari
Gozag
Hepliaklqana
Kikubaaqudgha
Makhleb
Nemelex Xobeh
Okawaru
Qazlal
Ru
Sif Muna
Trog
Uskayaw
Wu Jian
Xom
Yredelemnul
Zin

Shops:
D:5 !

Annotations:
D:4 Dowan, Duvessa
D:6 Jeremiah

... .###.......
... .# .######
... .# .# #. .#
#######
#.#..ยงYh#
#..###F#
##.5.bb#
.#..#.#.#
.Y..#.#.#####..
....!..........
.5.............
.%.#.#........)
...(....#####..


You could see Jeremiah and an ice beast.


Message History

You see here 7 stones.
The howler monkey attacks as it pursues you!
The howler monkey hits you!
You see here a +0 leather armour. ๐Ÿ˜• HP[-8]
You take 8 damage, and now have 48/56 hp.
The howler monkey hoots and howls with incredible vigour!
You hear a shout!
You hear an angry hiss.
You hear an angry buzzing noise. x2
You hear a shout!
You hear an angry buzzing noise. ๐Ÿ˜• HP[+1]
You barely miss the howler monkey. You grab the howler monkey.
You constrict the howler monkey. The howler monkey barely misses you.
The lemure barely misses you. ๐Ÿ˜• HP[+1]
You tentacle-slap the howler monkey. You tentacle-slap the howler monkey!
You squeeze the howler monkey!
You kill the howler monkey!
The lemure hits you! ๐Ÿ˜• HP[-6]
You now have 57 max hp (+1).
You take 6 damage, and now have 44/57 hp.
The lemure hits you.
The lemure barely misses you. ๐Ÿ˜• HP[-1]
You take 1 damage, and now have 43/57 hp.
The lemure closely misses you. x2 ๐Ÿ˜• HP[+1]
You bludgeon the lemure! Your grab misses the lemure.
A lemure comes into view.
The lemure barely misses you. ๐Ÿ˜• HP[+1]
You closely miss Pikel. You grab Pikel. You squeeze Pikel. You constrict Pikel!
The lemure hits you! The lemure misses you.
Pikel hits you with a +0 whip of flaming! ๐Ÿ˜ฎ HP[-15]
You take 15 damage, and now have 30/57 hp.
MASSIVE DAMAGE!! (PAUSE)
You tentacle-slap Pikel but do no damage.
You squeeze Pikel. You constrict Pikel.
Pikel hits you with a +0 whip of flaming.
* * * LOW HITPOINT WARNING * * *
The lemure hits you.
* * * LOW HITPOINT WARNING * * *
The lemure hits you.
* * * LOW HITPOINT WARNING * * *
๐Ÿ˜จ HP[-7]
You take 7 damage, and now have 23/57 hp.
Unknown command.
You tentacle-slap Pikel. You squeeze Pikel, but do no damage.
You constrict Pikel. Pikel waves his whip at you.
Pikel hits you with a +0 whip of flaming.
* * * LOW HITPOINT WARNING * * *
The lemure hits you!
* * * LOW HITPOINT WARNING * * *
The lemure hits you.
* * * LOW HITPOINT WARNING * * *
๐Ÿ˜ฑ HP[-14]
You take 14 damage, and now have 9/57 hp.
MASSIVE DAMAGE!! (PAUSE)
You tentacle-slap Pikel but do no damage.
Your squeeze misses Pikel.
You constrict Pikel. ๐Ÿ˜ฑ HP[+1] Unknown command.
You bludgeon Pikel! You squeeze Pikel.
You kill Pikel!
With Pikel's spell broken, his former minions thank you for their freedom.
The lemure departs this earthly plane. x2
Your Fighting skill increases to level 6!
Your Stealth skill increases to level 8!
Your Shapeshifting skill increases to level 6!
You have reached level 9!
Your experience leads to an increase in your attributes!
Increase (S)trength, (I)ntelligence, or (D)exterity?
You feel clever. x2 ๐Ÿ˜ฑ HP[+2] MP[+1]
You now have 63 max hp (+6).
You regained 2 hp, and now have 12/63 hp.
Your mp is fully restored (9).
Unknown command.
You feel much better. The ice beast hits you. The ice beast freezes you!
* * * LOW HITPOINT WARNING * * *
๐Ÿ˜จ HP[+14]
You regained 14 hp, and now have 26/63 hp.
You feel very mighty all of a sudden.
The ice beast hits you but does no damage.
Jeremiah, Barachi Dreamer comes into view.
They are wielding a +2 trident of draining, wearing an orb of guile and carrying a wand of iceblast. ๐Ÿ˜จ HP[+1] Unknown command.
Unknown command.
Unknown command.
The ice beast attacks as it pursues you!
The ice beast hits you.
* * * LOW HITPOINT WARNING * * *
The ice beast freezes you!
* * * LOW HITPOINT WARNING * * *
Jeremiah hits you with a +2 trident of draining!
* * * LOW HITPOINT WARNING * * *
You feel drained.
You die...
Jeremiah says, "O terrible one, your will is done."

Skill      XL: |  1  2  3  4  5  6  7  8 |
---------------+-------------------------+-----
Stealth        | 1 2 3 4 5 6 8 |  8.4
Dodging        | 3 |  3.0
Unarmed Combat | 4 5 6 |  6.7
Shapeshifting  | 4 5 6 |  6.2
Fighting       | 2 4 6 |  6.6

Action                     |  1- 3 |  4- 6 |  7- 9 || total
---------------------------+-------+-------+-------++-------
  Melee: Unarmed           |    64 |    44 |   109 ||   217
         Constrict         |    18 |     9 |    35 ||    62
         Tentacles         |     7 |     7 |    33 ||    47
         Punch             |     1 |       |     5 ||     6
  Throw: Throwing net      |       |       |     2 ||     2
    Use: Scroll            |     4 |     3 |     6 ||    13
         Potion            |     1 |     5 |     4 ||    10
   Stab: Sleeping          |    10 |       |    13 ||    23
         Held in net/web   |       |       |     1 ||     1
 Armour: Skin              |    52 |    52 |    57 ||   161
  Dodge: Dodged            |    27 |    19 |    61 ||   107

Levels and vault maps discovered:
D:1:      minmay_arrival_semitransparent, layout_loops_ring,
          corexii_corridor_pit
D:2:      layout_basic, shapermc_ecumenical_altar_hornbeckon
D:3:      layout_rooms, uniq_robin
D:4:      cheibrodos_thug_alley, layout_loops_corners, uniq_duvessa,
          uniq_crazy_yiuf_cottage, uniq_menkaure
D:5:      layout_basic, nicolae_qazlal_style_of_elements,
          minmay_temple_entry_waves, serial_shops, nicolae_shop_trees,
          uniq_edmund
D:6:      layout_loops_cross, general_overflow_altar, minivault_10,
          uniq_jeremiah, uniq_grinder, uniq_pikel
Temple:   nicolae_temple_superstar

Notes
Turn   | Place    | Note
-------+----------+-------------------------------------------
     0 | D:1      | ytrimaz the Octopode Shapeshifter began the quest for the
                  | Orb.
     0 | D:1      | Reached XP level 1. HP: 13/13 MP: 1/1
     0 | D:1      | magus.rc [v1.9.6]
   110 | D:1      | Reached XP level 2. HP: 11/18 MP: 2/2
   120 | D:1      | HP: 1/18 [kobold/+0 short sword (4)]
   275 | D:1      | Reached skill level 1 in Stealth
   357 | D:1      | Reached XP level 3. HP: 12/23 MP: 3/3
  1082 | D:2      | Found a faded altar of an unknown god.
  1147 | D:2      | Reached skill level 2 in Stealth
  1443 | D:3      | Noticed Robin
  1451 | D:3      | Reached XP level 4. HP: 24/28 MP: 4/4
  1457 | D:3      | HP: 10/42 [hobgoblin[Robin] (2)]
  1460 | D:3      | Killed Robin
  1764 | D:3      | You fall into a shaft and drop 3 floors!
  1766 | D:6      | Noticed a scorpion
  1768 | D:5      | Entered Level 5 of the Dungeon
  1821 | D:5      | Noticed an ogre
  1868 | D:5      | Noticed a scorpion
  1889 | D:5      | Reached skill level 3 in Dodging
  1889 | D:5      | Reached skill level 3 in Stealth
  1889 | D:5      | Reached XP level 5. HP: 33/33 MP: 5/5
  1892 | D:5      | Reached skill level 4 in Unarmed Combat
  1892 | D:5      | Reached skill level 4 in Shapeshifting
  1893 | D:5      | Reached skill level 4 in Stealth
  1893 | D:5      | Reached XP level 6. HP: 38/38 MP: 6/6
  1903 | D:5      | HP: 5/38 [wight/+0 mace (12)]
  2151 | D:5      | Reached skill level 5 in Stealth
  2342 | D:5      | Identified a scroll of acquirement
  2342 | D:5      | Acquired a manual of Fighting
  2346 | D:5      | Noticed Edmund
  2367 | D:5      | Killed Edmund
  2368 | D:5      | Reached skill level 2 in Fighting
  2368 | D:5      | Reached skill level 5 in Unarmed Combat
  2368 | D:5      | Reached XP level 7. HP: 43/45 MP: 7/7
  2543 | D:4      | Noticed Menkaure
  2548 | D:4      | Killed Menkaure
  2549 | D:4      | Reached skill level 3 in Fighting
  2813 | D:3      | Reached skill level 5 in Shapeshifting
  2821 | D:3      | Reached skill level 6 in Stealth
  3123 | D:4      | HP: 11/47 [kobold brigand/+0 club (2)]
  3126 | D:4      | Reached skill level 4 in Fighting
  3126 | D:4      | Reached XP level 8. HP: 10/54 MP: 8/8
  3485 | D:4      | Noticed Duvessa
  3485 | D:4      | Noticed Dowan
  3762 | D:5      | Found a staircase to the Ecumenical Temple.
  3769 | D:5      | Identified the +1 hand axe of Tartarus {drain, rF++ Dex+3}
  3771 | Temple   | Entered the Ecumenical Temple
  3790 | Temple   | Became a worshipper of Ashenzari the Shackled
  3935 | D:5      | Found a stormy altar of Qazlal.
  3940 | D:5      | Noticed an air elemental
  3974 | D:5      | Reached skill level 7 in Stealth
  4055 | D:5      | Reached skill level 5 in Fighting
  4055 | D:5      | Reached skill level 6 in Unarmed Combat
  4145 | D:5      | Noticed a water elemental
  4169 | D:5      | Found Veri Fupn's Distillery.
  4180 | D:5      | Bought a potion of heal wounds for 55 gold pieces
  4361 | D:6      | Noticed Pikel
  4375 | D:6      | HP: 14/57 [lemure[Pikel] (7)]
  4377 | D:6      | Killed Pikel
  4378 | D:6      | Reached skill level 6 in Fighting
  4378 | D:6      | Reached skill level 8 in Stealth
  4378 | D:6      | Reached skill level 6 in Shapeshifting
  4378 | D:6      | Reached XP level 9. HP: 12/63 MP: 9/9
  4379 | D:6      | Noticed Jeremiah
  4380 | D:6      | HP: 13/63 [ice beast (11)]
  4380 | D:6      | HP: 3/63 [Jeremiah/+2 trident of draining (10)]
  4380 | D:6      | Slain by Jeremiah

Vanquished Creatures
  Pikel (D:6)
  Menkaure (D:4)
  Edmund (D:5)
  A black bear (D:5)
  An ogre (D:5)
  A centaur (D:5)
  A kobold brigand (D:4)
  A gnoll sergeant (D:5)
  2 scorpions (D:5)
  5 wights (D:5)
  3 howler monkeys
  A gnoll bouda (D:5)
  A hound (D:4)
  2 iguanas (D:5)
  Robin (D:3)
  8 gnolls (D:5)
  7 adders
  A ribbon worm (D:3)
  A dart slug (D:2)
  5 orcs
  5 ball pythons
  6 endoplasms
  7 giant cockroaches
  12 goblins
  9 hobgoblins
  4 jackals (D:1)
  12 kobolds
  4 quokkas
  7 bats
  2 frilled lizards (D:1)
  5 rats
118 creatures vanquished.

Table legend:
 A = Non-vault XP
 B = Vault XP
 C = Vault XP percentage of total XP
 D = Non-vault monster count
 E = Vault monster count
 F = Vault count percentage of total count
                 A         B        C        D         E       F
            +---------+---------+-------+---------+---------+-------
      Total |    1607 |    1121 |  41.1 |      93 |      25 |  21.2
            +---------+---------+-------+---------+---------+-------
        D:1 |      51 |       0 |   0.0 |      32 |       0 |   0.0
        D:2 |      25 |       0 |   0.0 |       7 |       0 |   0.0
        D:3 |      48 |      34 |  41.5 |      15 |      11 |  42.3
        D:4 |     203 |     292 |  59.0 |      13 |      12 |  48.0
        D:5 |    1225 |     166 |  11.9 |      25 |       1 |   3.8
        D:6 |      55 |     629 |  92.0 |       1 |       1 |  50.0
            +---------+---------+-------+---------+---------+-------

Skill      XL: |  1  2  3  4  5  6  7  8 |
---------------+-------------------------+-----
Stealth        | 1 2 3 4 5 6 8 |  8.4
Dodging        | 3 |  3.0
Unarmed Combat | 4 5 6 |  6.7
Shapeshifting  | 4 5 6 |  6.2
Fighting       | 2 4 6 |  6.6

Action                     |  1- 3 |  4- 6 |  7- 9 || total
---------------------------+-------+-------+-------++-------
  Melee: Unarmed           |    64 |    44 |   109 ||   217
         Constrict         |    18 |     9 |    35 ||    62
         Tentacles         |     7 |     7 |    33 ||    47
         Punch             |     1 |       |     5 ||     6
  Throw: Throwing net      |       |       |     2 ||     2
    Use: Scroll            |     4 |     3 |     6 ||    13
         Potion            |     1 |     5 |     4 ||    10
   Stab: Sleeping          |    10 |       |    13 ||    23
         Held in net/web   |       |       |     1 ||     1
 Armour: Skin              |    52 |    52 |    57 ||   161
  Dodge: Dodged            |    27 |    19 |    61 ||   107

Illustrated notes

Table legend:
 A = Kills in this place as a percentage of kills in the entire game.
 B = Kills by you in this place as a percentage of kills by you in the entire game.
 C = Kills by friends in this place as a percentage of kills by friends in the entire game.
 D = Other kills in this place as a percentage of other kills in the entire game.
 E = Experience gained in this place as a percentage of experience gained in the entire game.
 F = Experience gained in this place divided by the number of levels of this place that you have seen.
                   A       B       C       D       E      F
               +-------+-------+-------+-------+-------+----------------------
         Total | 100.0 | 100.0 |   N/A |   N/A | 100.0 | 389.7
       Dungeon | 100.0 | 100.0 |   N/A |   N/A | 100.0 | 454.7
               +-------+-------+-------+-------+-------+----------------------

Table legend: (Time is in decaauts)
 A = Elapsed time spent in this place.
 B = Non-inter-level travel time spent in this place.
 C = Inter-level travel time spent in this place.
 D = Time resting spent in this place.
 E = Time spent auto-exploring this place.
 F = Levels seen in this place.
 G = Mean time per level.
                   A        B        C        D        E       F      G
               +--------+--------+--------+--------+--------+-----+--------+
         Total |   4377 |   4163 |    214 |    439 |   2863 |   7 |  625.3 |
       Dungeon |   4338 |   4160 |    178 |    439 |   2863 |   6 |  723.0 |
        Temple |     38 |      2 |     36 |      0 |      0 |   1 |   38.0 |
               +--------+--------+--------+--------+--------+-----+--------+

Top non-repeatable levels by time:
     D:5: 1414 daAuts
     D:4: 892 daAuts
     D:1: 883 daAuts
     D:3: 591 daAuts
     D:2: 534 daAuts
  Temple: 38 daAuts
     D:6: 21 daAuts
